 Dungeon Crawl Stone Soup version 0.29.1-2-gbd0b4ee654 (webtiles) character file.

Game seed: 11710986630477254381

97 qeuew the Cudgeller (level 5, 0/46 HPs)
             Began as a Meteoran Fighter on Nov 5, 2022.
             Slain by a gnoll
             ... wielding a +0 spear
              (4 damage)
             ... on level 4 of the Dungeon.
             The game lasted 00:03:44 (888 turns).

qeuew the Cudgeller (Meteoran Fighter)               Turns: 888, Time: 00:03:45

Health: 0/46       AC:  7    Str: 19    XL:     5   Next: 20%
Magic:  6/6        EV:  9    Int:  9    God:
Gold:   112        SH: 10    Dex: 14    Spells: 4/4 levels left

rFire   . . .      SeeInvis .   a - +0 flail
rCold   . . .      Faith    .   c - +0 buckler
rNeg    . . .      Spirit   .   b - +0 scale mail
rPois   .          Reflect  +   (no helmet)
rElec   .          Harm     .   (no cloak)
rCorr   .          Rampage  .   (no gloves)
Will    .....                   (no boots)
Stlth   ..........              h - amulet of reflection
HPRegen 0.15/turn               (no ring)
MPRegen 0.10/turn               (no ring)

@: mighty, glowing
A: sense surroundings 1, otherworldly, glowing, explore regen
a: no special abilities


You were on level 4 of the Dungeon.
You visited 1 branch of the dungeon, and saw 4 of its levels.

You collected 112 gold pieces.

Inventory:

Hand Weapons
 a - a +0 flail (weapon)
Armour
 b - a +0 scale mail (worn)
 c - a +0 buckler (worn)
Jewellery
 h - an amulet of reflection (around neck)
Wands
 k - a wand of digging (8)
 o - a wand of charming (8)
Scrolls
 e - a scroll of enchant weapon {unknown}
 i - a scroll of enchant armour {unknown}
 j - a scroll of immolation {unknown}
 l - a scroll of amnesia {unknown}
 m - 2 scrolls of butterflies {unknown}
Potions
 f - a potion of haste {unknown}
 g - 2 potions of flight {unknown}
 n - 3 potions of curing {unknown}


   Skills:
 + Level 3.7 Fighting
 * Level 4.7 Maces & Flails
 + Level 4.1 Armour
 + Level 0.9 Dodging
 + Level 4.2 Shields


You had 4 spell levels left.
You didn't know any spells.
Your spell library contained the following spells:

 Spells                   Type           Power      Damage    Failure   Level
 Chain Lightning          Conj/Air       0%         N/A       100%        9
 Fire Storm               Conj/Fire      0%         5d1       100%        9
 Shatter                  Erth           0%         3d5*      100%        9


Dungeon Overview and Level Annotations

Branches:
Dungeon (4/15) Zot: 1480
 Temple: D:4-7

Altars:


Innate Abilities, Weirdness & Mutations

You passively map a small area around you.
You are easily found by Zot.
You glow in the dark.
You regain HP and MP as you explore.


Message History

The gnoll is moderately wounded.
The orc wizard casts a spell.
The orc wizard flickers and vanishes!
Deactivating autopickup; reactivate with Ctrl-A.
The gnoll hits you with a +0 flail.
You hit the gnoll but do no damage.
The gnoll is moderately wounded.
A gnoll comes into view. It is wielding a +0 spear.
The gnoll hits you but does no damage. The gnoll hits you with a +0 flail.
You barely miss the gnoll.
The gnoll is moderately wounded.
You block the gnoll's attack.
You thump the gnoll!
You kill the gnoll!
You closely miss something. Something hits you but does no damage.
You closely miss something.
The gnoll hits you from afar with a +0 spear.
Something hits you but does no damage. Something hits you.
You block the gnoll's attack.
You miss something. The gnoll hits you but does no damage. Something hits you.
You miss something. You block the gnoll's attack. Something hits you.
You closely miss something. The gnoll hits you but does no damage.
You hear some strange, mumbled words.
A puff of flame appears from out of thin air!
The puff of flame misses you.
You miss something. You block the gnoll's attack. You block something's attack.
You hit something. Something hits you. You block the gnoll's attack.
The gnoll hits you from afar with a +0 spear.
* * * LOW HITPOINT WARNING * * *
Something hits you.
* * * LOW HITPOINT WARNING * * *
You feel very mighty all of a sudden. Something hits you but does no damage.
You block the gnoll's attack.
You hit something. The gnoll hits you but does no damage. Something hits you.
* * * LOW HITPOINT WARNING * * *
You miss something. You block the gnoll's attack. Something hits you.
* * * LOW HITPOINT WARNING * * *
You barely miss something.
The gnoll hits you from afar with a +0 spear.
You die...

* * ** ,* ,
####.########
.....gog{@..#
#####g#####.#
* # * #.# ,
#.# * #.# ,
#.# * * #.# ,
, #.# #.#


You could see 3 gnolls and an orc.

Vanquished Creatures
  An orc wizard (D:3)
  A gnoll (D:4)
  2 adders (D:3)
  9 orcs
  2 bats (D:1)
  3 endoplasms (D:1)
  2 goblins
  2 hobgoblins (D:2)
  3 quokkas
  3 ball pythons
  A frilled lizard (D:2)
  3 kobolds
  3 rats (D:1)
35 creatures vanquished.

Notes
Turn   | Place    | Note
-------+----------+-------------------------------------------
     0 | D:1      | qeuew the Meteoran Fighter began the quest for the Orb.
     0 | D:1      | Reached XP level 1. HP: 19/19 MP: 2/2
    23 | D:1      | Reached XP level 2. HP: 26/26 MP: 3/3
   457 | D:2      | Reached XP level 3. HP: 31/31 MP: 4/4
   528 | D:2      | Found a faded altar of an unknown god.
   660 | D:3      | Reached XP level 4. HP: 35/39 MP: 5/5
   723 | D:3      | Reached XP level 5. HP: 25/46 MP: 6/6
   888 | D:4      | Slain by a gnoll

Illustrated notes

Levels and vault maps discovered:
D:1:      scummos_arrival_hexagon, layout_basic, st_stairs_9
D:2:      layout_rooms, shapermc_ecumenical_altar_mp_ritualfount,
          minmay_fractal_squares_5
D:3:      layout_basic, nicolae_overflow_ecumenical_swirl,
          hangedman_decor_clover_reticule, serial_park_tiny_1, minmay_puff
D:4:      layout_basic, uniq_menkaure, uniq_duvessa

Skill      XL: |  1  2  3  4 |
---------------+-------------+-----
Maces & Flails | 3 4 |  4.7
Shields        | 4 |  4.2
Armour         | 4 |  4.1
Fighting       | |  3.7
Dodging        | |  0.9

Action                   |  1- 3 |  4- 6 || total
-------------------------+-------+-------++-------
Melee: Flail             |    70 |    54 ||   124
  Use: Scroll            |     2 |       ||     2
       Potion            |       |     1 ||     1
Armor: Scale mail        |    35 |    24 ||    59
Dodge: Dodged            |    21 |    14 ||    35
Block: Buckler           |    31 |    26 ||    57
